 Dungeon Crawl Stone Soup version 0.31-a0-167-g1c394c0614 (webtiles) character file.

Game seed: 6692451119474464593

28 qw the Shooter (level 3, -4/21 HPs)
             Began as a Gargoyle Hunter on June 14, 2023.
             Slain by Sigmund
             ... wielding a +0 scythe
              (10 damage)
             ... on level 2 of the Dungeon.
             The game lasted 00:00:16 (433 turns).

qw the Shooter (Gargoyle Hunter)                     Turns: 433, Time: 00:00:17

Health: -4/21      AC:  6    Str: 14    XL:     3   Next: 12%
Magic:  3/3        EV: 11    Int:  9    God:
Gold:   58         SH:  0    Dex: 15    Spells: 2/2 levels left

rFire   . . .        a - +0 shortbow
rCold   . . .        (shield currently unavailable)
rNeg    + . .        c - +0 leather armour
rPois   inf          (no helmet)
rElec   +            (no cloak)
rCorr   .            (no gloves)
SInv    .            (no boots)
Will    .....        (no amulet)
Stlth   ++           (no ring)
HPRegen 0.23/turn    (no ring)
MPRegen 0.08/turn

%: no passive effects
@: no status effects
A: sickness immunity, AC +3, negative energy resistance 1, electricity
resistance, torment resistance 1, petrification resistance
a: no special abilities


You were on level 2 of the Dungeon.
You visited 1 branch of the dungeon, and saw 2 of its levels.

You collected 58 gold pieces.


Innate Abilities, Weirdness & Mutations

You are immune to sickness and miasma.
Your stone body is resilient. (AC +3)
You are immune to poison.
You resist negative energy. (rN+)
You are resistant to electric shocks. (rElec)
You are resistant to unholy torment.
You are immune to petrification.


   Skills:
 + Level 2.2 Fighting
 - Level 5.0 Ranged Weapons
 - Level 1.5 Dodging
 - Level 1.1 Stealth


You had 2 spell levels left.
You didn't know any spells.
Your spell library was empty.

Inventory:

Hand Weapons
 a - a +0 shortbow (weapon)
Armour
 c - a +0 leather armour (worn)
Scrolls
 b - a scroll of butterflies
 f - 2 scrolls of poison {unknown}
 h - a scroll of fear {unknown}
 j - a scroll of amnesia {unknown}
 l - a scroll of teleportation {unknown}
Potions
 d - a potion of curing {unknown}
 e - a potion of ambrosia {unknown}
 g - a potion of heal wounds {unknown}
 i - 2 potions of resistance {unknown}
 k - a potion of mutation {unknown}

Dungeon Overview and Level Annotations

Branches:
Dungeon (1/15)

Altars:

Shops:
D:1 (   D:2 !

Annotations:
D:2 Sigmund


Message History

The arrow hits the bat but does no damage.
The bat barely misses you.
You shoot an arrow.
The arrow hits the bat but does no damage.
The bat barely misses you.
You shoot an arrow. The arrow hits the bat.
You kill the bat!
Sigmund the Dreaded comes into view.
He is wielding a +0 scythe and carrying a wand of digging (3).
You shoot an arrow. The arrow hits Sigmund.
Sigmund shouts!
Sigmund is lightly wounded.
You hear a shout!
You shoot an arrow. The arrow hits Sigmund.
Sigmund is moderately wounded.
Sigmund and a kobold come into view.
Sigmund is wielding a +0 scythe and carrying a wand of digging (3).
The kobold shouts!
You shoot an arrow. The arrow hits Sigmund.
Sigmund is moderately wounded.
Sigmund gestures at you while chanting.
You are confused.
Sigmund gestures at you while chanting.
You are more confused.
Sigmund hits you from afar with a +0 scythe.
Sigmund casts a spell.
Sigmund flickers and vanishes!
Deactivating autopickup; reactivate with Ctrl-A.
The kobold hits you with a +0 short sword.
A magic dart appears from out of thin air!
The magic dart hits you. The kobold hits you but does no damage.
Something hits you but does no damage. The kobold completely misses you.
Something hits you.
The kobold hits you with a +0 short sword.
The kobold hits you but does no damage. Something hits you!
The kobold barely misses you. The kobold hits you but does no damage.
Something hits you but does no damage.
You feel less confused. The kobold closely misses you. Something hits you!
You die...

......####..)....#
>.......##...###.######.
......#.##...# #.......#
......#...#### #.......#
..###.........##.....\.#
###)...:.......#.......#
#..........)............
......#########..K......
#.....# #.@.{.....
###...# ##.#......
..###.# #.# ###..
#.....# #####.#####
###...# #.........#
..###.# #.........#
###...# #.........#
#....#######.........#
...........#.........#


You could see a kobold.

Vanquished Creatures
  A worm (D:2)
  2 dart slugs (D:1)
  2 bats
  An endoplasm (D:2)
  A giant cockroach (D:1)
  5 goblins (D:1)
  2 kobolds (D:1)
  2 quokkas
  A ball python (D:2)
  A rat (D:2)
18 creatures vanquished.

Notes
Turn   | Place    | Note
-------+----------+-------------------------------------------
     0 | D:1      | qw the Gargoyle Hunter began the quest for the Orb.
     0 | D:1      | Reached XP level 1. HP: 12/12 MP: 1/1
     0 | D:1      | 0 ||| qw: Version: 0.2-a-29-g1fa15c8
     0 | D:1      | 0 ||| qw: Game counter: 4884
     0 | D:1      | 0 ||| qw: Always use a shield: true
     0 | D:1      | 0 ||| qw: God list: Okawaru
     0 | D:1      | 0 ||| qw: Allow faded altars: false
     0 | D:1      | 0 ||| qw: Do Orc after D:15 true
     0 | D:1      | 0 ||| qw: Do second Lair branch before Depths: true
     0 | D:1      | 0 ||| qw: Lair rune preference: random
     0 | D:1      | 0 ||| qw: Plans: Normal, Zot:1-4, Slime:5, God:TSO, Crypt,
                  | Tomb, Abyss, Pan, Hells, Win
     0 | D:1      | 0 ||| PLANNING D:1-11
    75 | D:1      | Reached XP level 2. HP: 17/17 MP: 2/2
    80 | D:1      | Found Hoaxzop's Antique Weapon Emporium.
    91 | D:1      | 91 ||| SHOPLISTING orcbow (70 gold, have 8).
   218 | D:1      | You fall into a shaft and drop 1 floor!
   265 | D:2      | Reached XP level 3. HP: 21/21 MP: 3/3
   287 | D:2      | HP: 4/21 [worm (6)]
   290 | D:2      | HP: 1/21 [worm (4)]
   293 | D:2      | Reached skill level 5 in Ranged Weapons
   416 | D:2      | Found Paku's Distillery.
   417 | D:2      | Noticed Sigmund
   430 | D:2      | HP: 5/21 [something (8)]
   433 | D:2      | Slain by Sigmund

Levels and vault maps discovered:
D:1:      dpeg_chamrin_arrival_tetris, layout_rooms, serial_shops, shop
D:2:      layout_basic, serial_shops, shop, minmay_unequal, uniq_sigmund

Skill      XL: |  1  2  3 |
---------------+----------+-----
Ranged Weapons | 5 |  5.0
Fighting       | |  2.2
Dodging        | |  1.5
Stealth        | |  1.1

Action                     || total
---------------------------++-------
   Fire: Shortbow          ||    61
 Armour: Leather armour    ||     8
  Dodge: Dodged            ||    14

Table legend:
 A = Non-vault XP
 B = Vault XP
 C = Vault XP percentage of total XP
 D = Non-vault monster count
 E = Vault monster count
 F = Vault count percentage of total count
                 A         B        C        D         E       F
            +---------+---------+-------+---------+---------+-------
      Total |      35 |       5 |  12.5 |      17 |       1 |   5.6
            +---------+---------+-------+---------+---------+-------
        D:1 |      28 |       0 |   0.0 |      12 |       0 |   0.0
        D:2 |       7 |       5 |  41.7 |       5 |       1 |  16.7
            +---------+---------+-------+---------+---------+-------
